 Dungeon Sprint DCSS version 0.17-a0-1719-g1afd5a1 (webtiles) character file.

11300000 ztt the Plane Walker (level 27, -9/273 HPs)
             Began as a Ghoul Warper on Aug 27, 2015.
             Was the Champion of Makhleb.
             Killed by the air
             ... invoked by a tyrant
              (54 damage)
             ... in the Dungeon (Sprint VIII: "Arena of Blood").
             The game lasted 00:03:00 (113 turns).

ztt the Plane Walker (Ghoul Warper)                  Turns: 113, Time: 00:03:00

Health: -9/273     AC:  6    Str: 28    XL:     27
Magic:  28/53      EV: 21    Int:  8    God:    Makhleb [******]
Gold:   0          SH:  0    Dex:  8    Spells: 1 memorised, 79 levels left

rFire  . . .     SeeInvis +     l - +∞ Axe of Woe
rCold  + . .     Clarity  .     b - +0 leather armour
rNeg   + + +     SustAt   .     (no shield)
rPois  ∞         Gourm    .     (no helmet)
rElec  .         Spirit   .     (no cloak)
rCorr  .         Warding  .     (no gloves)
rMut   .         NoTele   +     (no boots)
MR     ++...                    (no amulet)
Stlth  +++++++++.               (no ring)
                                m - ring of see invisible

@: rotting, very resistant to hostile enchantments, incredibly stealthy
A: rotting body, claws 1, carnivore 3, cold resistance 1, negative energy
resistance 3, slow healing 1, torment resistance, unbreathing
a: Minor Destruction, Lesser Servant of Makhleb, Major Destruction, Greater
Servant of Makhleb, Renounce Religion


You were in the Dungeon.
You worshipped Makhleb.
Makhleb was exalted by your worship.
You were not hungry.

You visited 1 branch

Inventory:

Hand weapons
 a - a +0 hand axe
 l - the +∞ Axe of Woe (weapon)
   (You found it in the Dungeon)
Missiles
 e - 5 tomahawks of dispersal (quivered)
Armour
 b - a +0 leather armour (worn)
Jewellery
 m - a ring of see invisible (left claw)
Scrolls
 d - 2 scrolls of blinking
Potions
 g - a potion of curing
 h - a potion of heal wounds
 i - a potion of haste
 j - 2 potions of magic
 k - a potion of berserk rage
Books
 c - a book of Spatial Translocations

   Spells                             Type                      Level
   a - Apportation                    Translocation                1
   b - Blink                          Translocation                2
   c - Shroud of Golubria             Charms/Translocation         2
   d - Portal Projectile              Translocation                3
   e - Teleport Other                 Translocation                3
   f - Passage of Golubria            Translocation                4
Comestibles
 f - a meat ration


   Skills:
 O Level 27 Fighting
 O Level 27 Axes
 O Level 27 Throwing
 O Level 27 Armour
 O Level 27 Dodging
 O Level 27 Stealth
 O Level 27 Unarmed Combat
 O Level 27 Spellcasting
 O Level 27 Translocations
 O Level 27 Invocations


You had 79 spell levels left.
You knew the following spells:

 Your Spells              Type           Power        Failure   Level  Hunger
a - Apportation           Tloc           ######....   0%          1    None


Dungeon Overview and Level Annotations

Branches:
Dungeon (1/1)

Altars:
Makhleb

Annotations:
D The Defiler


Innate Abilities, Weirdness & Mutations

Your body is rotting away.
You thrive on raw meat.
You are immune to poison.
You have sharp fingernails.
You are carnivorous and can eat meat at any time.
Your flesh is cold resistant.
You are immune to negative energy.
You heal slowly when monsters are visible.
You are immune to unholy pain and torment.
You can survive without breathing.


Message History

You are too injured to fight recklessly!
Unknown command.
Unknown command.
Unknown command.
Unknown command.
The bag of meat shouts!
You slash the tyrant!
You butcher the tyrant messily.
You destroy the tyrant!
Makhleb accepts your kill.
You feel better.
You slash the large abomination!
You pulverise the large abomination into a thin bloody mist.
You destroy the large abomination!
You hear a shout!
The observer gazes at you. The bolt of fire hits you!
* * * LOW HITPOINT WARNING * * *
You hear a shout! x4
The tyrant waves its bony arms in wide circles.
The air twists around and strikes you!
You die...

....#.....# o..
....#_.<._#........W..
.O..#.....#......#.#o#OL
....))._..%........OS.Lo
....))###.........#O#X#X
.###)))%...###......o...
.. #.))))..#..%.o...L...
%..#.))))..#........o...
.%%V)))))%..DL..@22oo...
.....)))%%.X.M)#...#..oo
......))))M)..#MWG.# .
%.....)))))@##.....#
..#....)))X#§X....#o..
........%..#..%###....
.##.#...%%%.....X ..#..
.%..%%..%%%....M......
#....#.....####..X ..


You could see 3 accurseds, a tentacled monstrosity, 2 meat beasts, 4 tyrants, an
eight-headed meat hydra, an observer (invisible), a scourge, 4 large
abominations, The Defiler, a wretched soul (invisible), a dread, 2 meat
berserkers and 10 bags of meat.

Vanquished Creatures
  Sigmund (D)
  5 hell beasts (D)
  4 greater mummies (D)
  2 great orbs of eyes (D)
  A wraith (D)
  Harold (D)
  10 vampire knights (D)
  34 ogres (D)
  5 liches (D)
  A hydra (D)
  69 orcs (D)
  2 phantoms (D)
  8 hill giants (D)
  3 skeletal warriors (D)
  5 small abominations (D)
  10 large abominations (D)
  7 crawling corpses (D)
168 creatures vanquished.

Vanquished Creatures (others)
  A small abomination (D)
  7 crawling corpses (D)
8 creatures vanquished.

Grand Total: 176 creatures vanquished

Notes
Turn   | Place    | Note
--------------------------------------------------------------
     0 | D        | ztt the Ghoul Warper began the quest for the Orb.
     0 | D        | Reached XP level 1. HP: 17/17 MP: 2/2
     3 | D        | Noticed a bag of meat
     4 | D        | Became a worshipper of Makhleb the Destroyer
     5 | D        | Noticed a bag of meat
     5 | D        | Noticed a bag of meat
     6 | D        | Noticed a bag of meat
     7 | D        | Noticed a meat berserker
     7 | D        | Killed a bag of meat
     7 | D        | Reached skill level 11 in Fighting
     7 | D        | Reached skill level 10 in Spellcasting
     7 | D        | Reached skill level 17 in Translocations
     7 | D        | Reached XP level 2. HP: 20/40 MP: 2/12
     7 | D        | Reached XP level 3. HP: 23/47 MP: 2/13
     7 | D        | Reached XP level 4. HP: 26/55 MP: 2/15
     7 | D        | Reached XP level 5. HP: 28/60 MP: 2/16
     7 | D        | Reached XP level 6. HP: 31/68 MP: 2/18
     7 | D        | Reached XP level 7. HP: 33/74 MP: 2/19
     7 | D        | Reached XP level 8. HP: 36/82 MP: 2/21
     7 | D        | Reached XP level 9. HP: 39/89 MP: 2/22
     7 | D        | Reached XP level 10. HP: 41/95 MP: 2/23
     7 | D        | Reached XP level 11. HP: 44/102 MP: 2/24
     7 | D        | Reached XP level 12. HP: 47/110 MP: 2/25
     8 | D        | Noticed a bag of meat
     8 | D        | Noticed a bag of meat
     8 | D        | Noticed a bag of meat
     8 | D        | Killed a bag of meat
     8 | D        | Acquired Makhleb's first power
     8 | D        | Reached skill level 20 in Translocations
     8 | D        | Reached XP level 13. HP: 49/119 MP: 2/27
     9 | D        | Noticed a bag of meat
     9 | D        | Noticed a meat berserker
     9 | D        | Noticed a bag of meat
     9 | D        | Noticed a meat berserker
     9 | D        | Noticed a bag of meat
     9 | D        | Noticed a bag of meat
     9 | D        | Noticed a meat berserker
    10 | D        | Noticed a bag of meat
    10 | D        | Noticed a bag of meat
    10 | D        | Noticed a meat berserker
    10 | D        | Killed a bag of meat
    10 | D        | Reached skill level 21 in Translocations
    10 | D        | Reached XP level 14. HP: 51/130 MP: 2/30
    10 | D        | Killed a meat berserker
    10 | D        | Acquired Makhleb's second power
    10 | D        | Reached skill level 15 in Fighting
    10 | D        | Reached skill level 5 in Throwing
    10 | D        | Reached skill level 24 in Translocations
    10 | D        | Reached XP level 15. HP: 53/141 MP: 2/32
    11 | D        | Noticed a bag of meat
    11 | D        | Noticed a meat berserker
    11 | D        | Killed a bag of meat
    11 | D        | Reached skill level 15 in Spellcasting
    11 | D        | Reached skill level 25 in Translocations
    11 | D        | Noticed a bag of meat
    12 | D        | Noticed a bag of meat
    12 | D        | Noticed a bag of meat
    12 | D        | Noticed a meat berserker
    12 | D        | Killed a meat berserker
    12 | D        | Acquired Makhleb's third power
    12 | D        | Reached skill level 15 in Dodging
    12 | D        | Reached skill level 27 in Translocations
    12 | D        | Reached XP level 16. HP: 130/155 MP: 3/35
    12 | D        | Killed a meat berserker
    12 | D        | Reached XP level 17. HP: 161/168 MP: 3/38
    12 | D        | Noticed a bag of meat
    13 | D        | Noticed a meat berserker
    13 | D        | Killed a bag of meat
    13 | D        | Killed a meat berserker
    13 | D        | Acquired Makhleb's fourth power
    13 | D        | Reached XP level 18. HP: 177/184 MP: 3/41
    14 | D        | Noticed a meat berserker
    14 | D        | Killed a meat berserker
    14 | D        | Killed a bag of meat
    14 | D        | Killed a bag of meat
    14 | D        | Acquired Makhleb's fifth power
    14 | D        | Reached skill level 10 in Throwing
    14 | D        | Reached XP level 19. HP: 191/200 MP: 4/45
    14 | D        | Killed a meat berserker
    14 | D        | Reached skill level 10 in Armour
    14 | D        | Killed a bag of meat
    15 | D        | Noticed a bag of meat
    15 | D        | Noticed a bag of meat
    15 | D        | Killed a meat berserker
    15 | D        | Reached skill level 27 in Fighting
    15 | D        | Reached skill level 27 in Axes
    15 | D        | Reached XP level 20. HP: 214/216 MP: 4/48
    15 | D        | Killed a bag of meat
    15 | D        | Killed a bag of meat
    15 | D        | Reached skill level 27 in Spellcasting
    15 | D        | Killed a bag of meat
    15 | D        | Reached skill level 27 in Dodging
    16 | D        | Noticed a bag of meat
    16 | D        | Killed a bag of meat
    16 | D        | Reached XP level 21. HP: 224/224 MP: 4/51
    16 | D        | Killed a bag of meat
    16 | D        | Killed a meat berserker
    17 | D        | Noticed a bag of meat
    17 | D        | Noticed a bag of meat
    17 | D        | Noticed a bag of meat
    17 | D        | Noticed a bag of meat
    17 | D        | Noticed a bag of meat
    17 | D        | Noticed a bag of meat
    18 | D        | Killed a bag of meat
    18 | D        | Killed a bag of meat
    18 | D        | Killed a bag of meat
    18 | D        | Reached XP level 22. HP: 233/233 MP: 5/52
    18 | D        | Killed a bag of meat
    19 | D        | Noticed a bag of meat
    19 | D        | Noticed a meat berserker
    19 | D        | Killed a meat berserker
    19 | D        | Reached skill level 27 in Throwing
    19 | D        | Reached skill level 27 in Armour
    20 | D        | Noticed a large bag of meat
    20 | D        | Noticed a bag of meat
    21 | D        | Noticed a bag of meat
    21 | D        | Killed a bag of meat
    21 | D        | Reached skill level 10 in Stealth
    22 | D        | Noticed a bag of meat
    22 | D        | Killed a bag of meat
    23 | D        | Noticed a bag of meat
    23 | D        | Noticed a bag of meat
    23 | D        | Noticed a bag of meat
    23 | D        | Noticed a large bag of meat
    24 | D        | Noticed a bag of meat
    24 | D        | Noticed a bag of meat
    24 | D        | Killed a bag of meat
    24 | D        | Reached skill level 15 in Unarmed Combat
    24 | D        | Reached skill level 15 in Invocations
    24 | D        | Reached XP level 23. HP: 240/240 MP: 6/53
    24 | D        | Killed a bag of meat
    24 | D        | Killed a meat berserker
    25 | D        | Killed a bag of meat
    26 | D        | Killed a bag of meat
    26 | D        | Killed a bag of meat
    26 | D        | Reached XP level 24. HP: 249/249 MP: 7/53
    27 | D        | Noticed a bag of meat
    27 | D        | Killed a bag of meat
    27 | D        | Reached skill level 27 in Stealth
    27 | D        | Killed a bag of meat
    28 | D        | Noticed a bag of meat
    28 | D        | Noticed a bag of meat
    28 | D        | Noticed a destroyer
    28 | D        | Killed a bag of meat
    28 | D        | Reached skill level 27 in Unarmed Combat
    28 | D        | Reached skill level 27 in Invocations
    28 | D        | Killed a large bag of meat
    28 | D        | Killed a bag of meat
    28 | D        | Killed a bag of meat
    29 | D        | Noticed a bag of meat
    30 | D        | Killed a destroyer
    30 | D        | Reached XP level 25. HP: 257/257 MP: 8/53
    30 | D        | Killed a bag of meat
    31 | D        | Noticed a bag of meat
    31 | D        | Noticed a bag of meat
    32 | D        | Noticed a sculptor of flesh
    32 | D        | Noticed a bag of meat
    32 | D        | Noticed a destroyer
    32 | D        | Killed a large bag of meat
    32 | D        | Killed a bag of meat
    32 | D        | Killed a bag of meat
    32 | D        | Killed a bag of meat
    33 | D        | Killed a bag of meat
    34 | D        | Noticed a meat berserker
    34 | D        | Noticed a meat berserker
    34 | D        | Noticed a meat berserker
    34 | D        | Noticed a destroyer
    35 | D        | Noticed a meat berserker
    35 | D        | Killed a bag of meat
    35 | D        | Reached XP level 26. HP: 266/266 MP: 9/53
    35 | D        | Killed a bag of meat
    36 | D        | Noticed a bag of meat
    36 | D        | Noticed a large bag of meat
    36 | D        | Killed a bag of meat
    36 | D        | Killed a bag of meat
    37 | D        | Noticed a bag of meat
    37 | D        | Noticed a bag of meat
    37 | D        | Noticed a bag of meat
    37 | D        | Noticed a large bag of meat
    37 | D        | Noticed a large bag of meat
    38 | D        | Noticed a sculptor of flesh
    38 | D        | Noticed a bag of meat
    38 | D        | Noticed a destroyer
    38 | D        | Killed a bag of meat
    38 | D        | Killed a meat berserker
    38 | D        | Killed a destroyer
    38 | D        | Reached XP level 27. HP: 273/273 MP: 10/53
    38 | D        | Killed a meat berserker
    38 | D        | Killed a bag of meat
    40 | D        | Noticed a destroyer
    40 | D        | Noticed a bag of meat
    40 | D        | Noticed a bag of meat
    40 | D        | Killed a bag of meat
    41 | D        | Killed a meat berserker
    42 | D        | Killed a destroyer
    42 | D        | Killed a bag of meat
    42 | D        | Killed a destroyer
    42 | D        | Killed a bag of meat
    43 | D        | Killed a meat berserker
    43 | D        | Killed a large bag of meat
    43 | D        | Killed a destroyer
    44 | D        | Noticed a destroyer
    44 | D        | Killed a bag of meat
    44 | D        | Killed a large bag of meat
    44 | D        | Killed a bag of meat
    44 | D        | Killed a bag of meat
    45 | D        | Noticed a bag of meat
    45 | D        | Noticed a bag of meat
    45 | D        | Killed a sculptor of flesh
    46 | D        | Noticed an accursed
    46 | D        | Noticed a bag of meat
    46 | D        | Killed a large bag of meat
    47 | D        | Noticed a meat berserker
    47 | D        | Noticed a meat berserker
    48 | D        | Noticed a destroyer
    48 | D        | Noticed a destroyer
    48 | D        | Killed a destroyer
    48 | D        | Killed a bag of meat
    48 | D        | Killed a bag of meat
    49 | D        | Killed a sculptor of flesh
    49 | D        | Killed a meat berserker
    50 | D        | Noticed a meat berserker
    50 | D        | Noticed a meat berserker
    51 | D        | Noticed an accursed
    51 | D        | Noticed a meat berserker
    51 | D        | Noticed an accursed
    51 | D        | Killed a destroyer
    51 | D        | Killed a meat berserker
    52 | D        | Killed a bag of meat
    54 | D        | Killed a bag of meat
    54 | D        | Killed a destroyer
    56 | D        | Killed an accursed
    56 | D        | Killed a meat berserker
    56 | D        | Killed a meat berserker
    57 | D        | Noticed a meat berserker
    57 | D        | Killed a bag of meat
    58 | D        | Killed a bag of meat
    59 | D        | Killed a meat berserker
    60 | D        | Noticed a meat beast
    61 | D        | Noticed a meat berserker
    61 | D        | Noticed a destroyer
    61 | D        | Killed a bag of meat
    61 | D        | Killed a meat berserker
    62 | D        | Noticed a tyrant
    62 | D        | Noticed a meat berserker
    63 | D        | Noticed a meat berserker
    63 | D        | Noticed a meat berserker
    63 | D        | Killed an accursed
    63 | D        | Killed an accursed
    64 | D        | Noticed a meat berserker
    64 | D        | Killed a destroyer
    65 | D        | Noticed a bag of meat
    65 | D        | Noticed a meat berserker
    66 | D        | Noticed The Servant
    66 | D        | Noticed a destroyer
    66 | D        | Noticed a dread
    68 | D        | Noticed an accursed
    68 | D        | Killed a meat berserker
    68 | D        | Killed a meat berserker
    68 | D        | Killed a meat berserker
    68 | D        | Killed a meat berserker
    68 | D        | Killed a meat berserker
    70 | D        | Noticed a meat berserker
    70 | D        | Noticed a bag of meat
    71 | D        | Killed a meat berserker
    71 | D        | Killed a destroyer
    71 | D        | Noticed a large bag of meat
    72 | D        | Noticed a bag of meat
    72 | D        | Noticed a meat beast
    72 | D        | Noticed a bag of meat
    72 | D        | Noticed a meat berserker
    73 | D        | Noticed a large bag of meat
    73 | D        | Noticed a tyrant
    73 | D        | Noticed a sculptor of flesh
    73 | D        | Noticed a meat beast
    73 | D        | Killed The Servant
    73 | D        | Killed a bag of meat
    74 | D        | Noticed a bag of meat
    74 | D        | Noticed a meat berserker
    74 | D        | Noticed a bag of meat
    75 | D        | Noticed a bag of meat
    75 | D        | Noticed a bag of meat
    75 | D        | Killed a meat berserker
    75 | D        | Killed a large bag of meat
    76 | D        | Killed a meat beast
    76 | D        | Killed a meat beast
    77 | D        | Noticed a bag of meat
    77 | D        | Noticed a meat berserker
    77 | D        | Noticed a wretched soul
    78 | D        | Killed a bag of meat
    78 | D        | Killed a dread
    78 | D        | Killed a tyrant
    79 | D        | Killed a large bag of meat
    80 | D        | Noticed a meat berserker
    80 | D        | Noticed a large bag of meat
    80 | D        | Killed a meat berserker
    81 | D        | Killed a meat beast
    81 | D        | Killed a meat berserker
    82 | D        | Noticed a meat beast
    83 | D        | Noticed a bag of meat
    83 | D        | Noticed The Captor
    83 | D        | Killed a bag of meat
    83 | D        | Killed an accursed
    84 | D        | Noticed a bag of meat
    84 | D        | Noticed a bag of meat
    84 | D        | Killed a bag of meat
    85 | D        | Noticed a meat beast
    85 | D        | Killed a bag of meat
    85 | D        | Killed a meat berserker
    86 | D        | Noticed a bag of meat
    86 | D        | Killed a bag of meat
    86 | D        | Killed a meat beast
    87 | D        | Noticed a meat berserker
    87 | D        | Noticed a bag of meat
    87 | D        | Noticed a meat berserker
    87 | D        | Noticed a wretched soul
    87 | D        | Killed a meat berserker
    88 | D        | Killed The Captor
    88 | D        | Killed a wretched soul
    88 | D        | Killed a bag of meat
    90 | D        | Killed a meat beast
    90 | D        | Killed a sculptor of flesh
    91 | D        | Killed a large bag of meat
    92 | D        | Killed a bag of meat
    92 | D        | Killed a tyrant
    92 | D        | Killed a bag of meat
    93 | D        | Noticed a bag of meat
    93 | D        | Noticed an accursed
    93 | D        | Noticed a bag of meat
    93 | D        | Killed a bag of meat
    93 | D        | Killed a meat berserker
    94 | D        | Noticed a tyrant
    94 | D        | Killed a meat berserker
    95 | D        | Noticed an observer
    95 | D        | Killed a bag of meat
    96 | D        | Noticed a tyrant
    96 | D        | Noticed a tyrant
    96 | D        | Killed a wretched soul
    96 | D        | Killed a bag of meat
    97 | D        | Killed a bag of meat
    98 | D        | Noticed a destroyer
    99 | D        | Killed an observer
    99 | D        | Killed a tyrant
   100 | D        | Noticed The Defiler
   100 | D        | Noticed an observer
   101 | D        | Noticed an accursed
   101 | D        | Noticed a tyrant
   101 | D        | Killed a bag of meat
   102 | D        | Killed a tyrant
   103 | D        | Noticed an accursed
   105 | D        | Noticed an observer
   105 | D        | Killed a bag of meat
   107 | D        | Noticed a bag of meat
   107 | D        | Noticed a meat berserker
   108 | D        | Noticed a bag of meat
   108 | D        | Killed an observer
   109 | D        | Noticed a bag of meat
   109 | D        | Noticed a bag of meat
   109 | D        | Killed a bag of meat
   110 | D        | Noticed a bag of meat
   111 | D        | Noticed a meat berserker
   111 | D        | Noticed a bag of meat
   111 | D        | Noticed a meat berserker
   111 | D        | Noticed a bag of meat
   111 | D        | Noticed a tyrant
   111 | D        | Noticed a meat beast
   111 | D        | Noticed a dread
   111 | D        | Noticed a bag of meat
   111 | D        | Noticed a bag of meat
   111 | D        | Noticed a tyrant
   111 | D        | Noticed a tyrant
   112 | D        | Noticed a wretched soul
   112 | D        | Noticed a bag of meat
   112 | D        | Noticed a bag of meat
   112 | D        | Noticed a meat beast
   112 | D        | Killed a meat berserker
   113 | D        | Killed a tyrant
   113 | D        | Killed from afar by a tyrant

Vault maps used:
D:        meatsprint

Action                   |  1- 3 |  4- 6 |  7- 9 | 10-12 | 13-15 | 16-18 | 19-21 | 22-24 | 25-27 || total
-------------------------+-------+-------+-------+-------+-------+-------+-------+-------+-------++-------
Melee: Executioner's axe |     1 |       |       |     1 |     3 |     2 |     3 |     9 |    61 ||    80
 Cast: Apportation       |       |       |       |       |       |       |       |       |     1 ||     1
